 Dungeon Crawl Stone Soup version 0.22-a0-283-g1871b15 (webtiles) character file.

30 Amnesiac the Gusty (level 3, -2/20 HPs)
             Began as a Tengu Air Elementalist on Mar 19, 2018.
             Slain by an adder (4 damage)
             ... on level 2 of the Dungeon.
             The game lasted 00:01:26 (1090 turns).

Amnesiac the Gusty (Tengu Air Elementalist)         Turns: 1090, Time: 00:01:27

Health: -2/20      AC:  2    Str:  8    XL:     3   Next: 20%
Magic:  6/7        EV: 12    Int: 16    God:
Gold:   55         SH:  0    Dex: 14    Spells: 5/6 levels left

rFire    . . .     SeeInvis .   k - +0 dagger (venom)
rCold    . . .     Gourm    .   (no shield)
rNeg     . . .     Faith    .   a - +0 robe
rPois    .         Spirit   .   (helmet restricted)
rElec    .         Reflect  .   (no cloak)
rCorr    .         Harm     .   (no gloves)
MR       .....                  (boots unavailable)
Stlth    ++........             (no amulet)
HPRegen  0.06/turn              (no ring)
MPRegen  0.10/turn              (no ring)

@: lethally poisoned (-2 -> -5)
A: beak, talons 3
a: no special abilities


You were on level 2 of the Dungeon.
You were not hungry.

You visited 1 branch of the dungeon, and saw 2 of its levels.

You collected 55 gold pieces.

Inventory:

Hand Weapons
 k - a +0 dagger of venom (weapon)
Armour
 a - a +0 robe (worn)
Scrolls
 d - 3 scrolls of fog {!r, unknown}
 e - a scroll of teleportation {!r, unknown}
 g - a scroll of magic mapping {!r, unknown}
 h - a scroll of identify {!r, unknown}
 l - a scroll of enchant armour {!r, unknown}
Potions
 f - a potion of heal wounds {!q, unknown}
 i - a potion of magic {!q, unknown}
 j - a potion of degeneration {!q, unknown}
Comestibles
 b - 2 chunks of flesh
 c - 4 rations


   Skills:
 + Level 1.1 Fighting
 - Level 2.1 Dodging
 - Level 2.0 Stealth
 + Level 2.3 Spellcasting
 - Level 1.3 Conjurations
 * Level 4.9 Air Magic


You had 5 spell levels left.
You knew the following spells:

 Your Spells              Type           Power        Failure   Level  Hunger
a - Shock                 Conj/Air       ##..         5%          1    #......


Dungeon Overview and Level Annotations

Branches:
Dungeon (2/15)

Altars:


Innate Abilities, Weirdness & Mutations

You have a beak for a mouth.
You have claws for feet.


Message History

A bat comes into view.
A bat is nearby!
You hit the bat but do no damage.
The bat is poisoned.
You kill the bat!
No target in view!
No target in view!
No target in view!
You now have 55 gold pieces (gained 9).
Found 17 stones.
No target in view!
A kobold comes into view. It is wielding a dagger.
A kobold is nearby!
The kobold shouts!
A kobold is nearby!
The kobold misses you.
You hit the kobold.
The kobold is moderately wounded.
The kobold hits you with a dagger.
You hit the kobold but do no damage. You claw the kobold, but do no damage.
The kobold is moderately wounded.
The kobold hits you with a dagger.
You barely miss the kobold.
The kobold is moderately wounded.
The kobold closely misses you.
You hit the kobold.
You kill the kobold!
No target in view!
No target in view!
You start resting.
HP restored.
A rat comes into view.
An adder comes into view.
There are monsters nearby!
You see here 8 gold pieces.
There are monsters nearby!
The adder hisses angrily.
The rat bites you.
You hit the rat but do no damage.
The rat is poisoned.
The rat bites you but does no damage.
You completely miss the rat.
The rat is heavily wounded.
The rat barely misses you.
You closely miss the rat.
You kill the rat!
The adder bites you. x2
You completely miss the adder. The adder bites you.
* * * LOW HITPOINT WARNING * * *
You hit the adder but do no damage.
The adder is poisoned.
The adder closely misses you. The adder bites you.
* * * LOW HITPOINT WARNING * * *
The adder bites you.
* * * LOW HITPOINT WARNING * * *
You are lethally poisoned!
The adder poisons you!
* * * LOW HITPOINT WARNING * * *
You feel sick.
Casting: Shock (safe; 5% risk of failure)
Confirm with . or Enter, or press ? or * to list all spells.
Aiming: Shock (safe; 5% risk of failure)
Press: ? - help, Shift-Dir - straight line The zap hits the adder.
The adder is moderately wounded.
The zap misses the adder.
The adder barely misses you. The adder bites you.
You die...

...... # .....##.##
#.......... ......#...
#......... .........
#........ ......######
#......# ...........#
#......# ......####.#
#......# ......##<#.#
#.....†# ......##.#.#
#..@S..# ......##.#.#
#.....$# ###........#
#......#
#.#....#####......#####
###.....................#...
.....................)...#
###.######...............#
#......#.###......##...#
######.#.# ######## ...#


You could see an adder.

Vanquished Creatures
  A dart slug (D:1)
  2 leopard geckos (D:1)
  A ball python (D:1)
  2 bats (D:2)
  A giant cockroach (D:1)
  2 goblins (D:1)
  2 hobgoblins (D:1)
  3 jackals (D:1)
  4 kobolds
  2 frilled lizards (D:1)
  3 rats
23 creatures vanquished.

Notes
Turn   | Place    | Note
-------+----------+-------------------------------------------
     0 | D:1      | Amnesiac the Tengu Air Elementalist began the quest for the Orb.
     0 | D:1      | Reached XP level 1. HP: 10/10 MP: 4/4
   220 | D:1      | Reached XP level 2. HP: 15/16 MP: 0/6
   614 | D:1      | Reached skill level 1 in Fighting
   817 | D:1      | Reached XP level 3. HP: 20/20 MP: 4/7
  1090 | D:2      | Slain by an adder

Vault maps used:
D:1:      sevenhm_arrival_forest_fort_small_5
D:2:      minmay_diamond_boxcup, overflow_temple_1_default, first_ration,
          uniq_robin, uniq_sigmund

Skill      XL: |  1  2 |
---------------+-------+-----
Fighting       | 1 |  1.1
Dodging        | |  2.1
Stealth        | |  2.0
Spellcasting   | |  2.3
Conjurations   | |  1.3
Air Magic      | |  4.9

Action                   || total
-------------------------++-------
Melee: Unarmed           ||     3
       Kick              ||     5
       Dagger            ||    13
       Peck              ||     1
 Cast: Shock             ||    35
  Eat: Chunk             ||     1
Armor: Robe              ||     2
Dodge: Dodged            ||    13

Table legend:
 A = Spawn XP
 B = Non-spawn XP
 C = Spawn XP percentage of total XP
 D = Spawn monster count
 E = Non-spawn monster count
 F = Spawn count percentage of total count
 G = Total turns spent on level
                    A         B        C        D         E        F      G
               +---------+---------+-------+---------+---------+-------+---------
         Total |       0 |      44 |   0.0 |       0 |      23 |   0.0 |  1090
               +---------+---------+-------+---------+---------+-------+---------
           D:1 |       0 |      37 |   0.0 |       0 |      19 |   0.0 |   993
           D:2 |       0 |       7 |   0.0 |       0 |       4 |   0.0 |    97
               +---------+---------+-------+---------+---------+-------+---------
